 Dungeon Crawl Stone Soup version 0.28.0-43-g3370ac3207 (webtiles) character file.

Game seed: 7014848583765300459

869 sizableburger the Skirmisher (level 7, -4/64 HPs)
             Began as a Green Draconian Monk on Mar 23, 2022.
             Was a Priest of Uskayaw.
             Slain by a mummy (13 damage)
             ... in an ossuary.
             The game lasted 00:12:37 (5689 turns).

sizableburger the Skirmisher (Green Draconian Monk) Turns: 5689, Time: 00:12:38

Health: -4/64      AC:  7    Str: 13    XL:     7   Next: 73%
Magic:  7/8        EV: 14    Int: 11    God:    Uskayaw [***...]
Gold:   90         SH:  0    Dex: 15    Spells: 6/6 levels left

rFire   . . .      SeeInvis .   a - +1 hand axe
rCold   . . .      Faith    +   (no shield)
rNeg    . . .      Spirit   .   (armour unavailable)
rPois   +          Reflect  .   (helmet restricted)
rElec   .          Harm     .   (no cloak)
rCorr   .          Rampage  .   (no gloves)
Will    .....                   g - +0 pair of boots
Stlth   ++........              f - amulet of faith
HPRegen 0.20/turn               (no ring)
MPRegen 0.11/turn               (no ring)

@: no status effects
A: breathe noxious fumes, AC +6, unfitting armour, poison resistance,
cold-blooded
a: Breathe Noxious Fumes, Renounce Religion, Stomp, Line Pass


You were in an ossuary.
You worshipped Uskayaw.
Uskayaw was noncommittal.
You visited 2 branches of the dungeon, and saw 6 of its levels.
You also visited: Ossuary.

You collected 90 gold pieces.

Inventory:

Hand Weapons
 a - a +1 hand axe (weapon)
Missiles
 h - 2 javelins
 k - a curare-tipped dart
Armour
 g - a +0 pair of boots (worn)
Jewellery
 f - an amulet of faith (around neck)
 i - an amulet of reflection
 r - a ring of wizardry
Wands
 b - a wand of flame (15) (quivered)
 m - a wand of mindburst (12)
Scrolls
 c - a scroll of fear {unknown}
 e - a scroll of teleportation
 j - 3 scrolls of torment
 p - a scroll of fog
Potions
 l - a potion of degeneration {unknown}
 n - 2 potions of cancellation


   Skills:
 + Level 6.4 Fighting
 + Level 5.8 Axes
 - Level 5.1 Dodging
 - Level 1.7 Stealth
 + Level 1.4 Invocations


You had 6 spell levels left.
You didn't know any spells.
Your spell library was empty.

Dungeon Overview and Level Annotations

Branches:
Dungeon (5/15)             Temple (1/1) D:4         Ossuary (1/1)

Altars:
Ashenzari
Cheibriados
Dithmenos
Elyvilon
Fedhas
Gozag
Hepliaklqana
Kikubaaqudgha
Makhleb
Nemelex Xobeh
Okawaru
Qazlal
Ru
Sif Muna
Trog
Uskayaw
Vehumet
Wu Jian
Xom
Yredelemnul
Zin
The Shining One

Shops:
D:3 *:   D:4 *


Innate Abilities, Weirdness & Mutations

You can breathe blasts of noxious fumes.
Your lurid green scales are hard. (AC +6)
You cannot fit into any form of body armour.
Your system is resistant to poisons. (rPois)
You are cold-blooded and may be slowed by cold attacks.


Message History

You hit the mummy.
You tail-slap the mummy, but do no damage.
The mummy is heavily damaged.
You hit the mummy. x2; The mummy barely misses you.
The mummy closely misses you.
You can now pass through a line of other dancers.
Unknown command.
You hit the mummy.
The mummy is severely damaged.
You hit the mummy but do no damage. You hit the mummy. The mummy misses you.
Unknown command.
You closely miss the mummy.
You tail-slap the mummy, but do no damage.
The mummy is severely damaged.
You hit the mummy. x2; The mummy closely misses you. x2
Unknown command.
You hit the mummy.
The mummy is almost destroyed.
You hit the mummy. You hit the mummy but do no damage. The mummy hits you!
* * * LOW HITPOINT WARNING * * *
The mummy misses you.
Unknown command.
You hit the mummy. You tail-slap the mummy.
You destroy the mummy!
You hit the mummy but do no damage. You hit the mummy. The mummy hits you!
* * * LOW HITPOINT WARNING * * *
Uskayaw will force your foes to helplessly watch your dance.
Uskayaw prepares the audience for your solo!
Unknown command.
The helpless mummy fails to defend itself.
You hit the mummy.
You destroy the mummy!
The helpless mummy fails to defend itself.
You hit the mummy.
The mummy is no longer paralysed.
The mummy closely misses you.
You feel better.
You barely miss the mummy.
The mummy is severely damaged.
The mummy hits you!
You die...

############
###########.#.#.#.#.#.
##.....M...........^.^^
#.....@.......^....^.^.
#.....∩.∩.^.....^..^...
#..........^......^..^.
##.........^...........
###########.#.#.#.#.#.
###########


You could see a mummy.

Vanquished Creatures
  Grinder (D:4)
  A water moccasin (D:4)
  An ogre (D:4)
  A kobold brigand (D:3)
  2 centaur zombies (Ossuary)
  An orc priest (D:4)
  3 orc wizards
  Terence (D:2)
  5 mummies (Ossuary)
  2 adders (D:3)
  13 dart slugs
  9 orcs
  8 bats
  9 endoplasms
  5 giant cockroaches
  9 hobgoblins
  13 kobolds
  A quokka (D:1)
  5 ball pythons
  4 frilled lizards
  10 goblins
  6 hobgoblin zombies (Ossuary)
  8 rats
118 creatures vanquished.

Notes
Turn   | Place    | Note
-------+----------+-------------------------------------------
     0 | D:1      | sizableburger the Draconian Monk began the quest for the
                  | Orb.
     0 | D:1      | Reached XP level 1. HP: 19/19 MP: 1/1
   313 | D:1      | Reached XP level 2. HP: 26/26 MP: 2/2
   639 | D:1      | Found a faded altar of an unknown god.
   885 | D:1      | Reached XP level 3. HP: 30/33 MP: 3/3
  1440 | D:2      | Reached skill level 4 in Fighting
  1974 | D:2      | Noticed Terence
  2376 | D:2      | Killed Terence
  2377 | D:2      | Reached XP level 4. HP: 22/40 MP: 4/4
  2958 | D:3      | Noticed a kobold brigand
  3176 | D:3      | Killed a kobold brigand
  3177 | D:3      | Reached XP level 5. HP: 20/47 MP: 5/5
  3373 | D:3      | Found Gozag's Platinum Reserve.
  3383 | D:3      | Found an opulent altar of Gozag.
  3588 | D:3      | Found Joghul's Book Boutique.
  3873 | D:4      | Noticed an ogre
  4042 | D:4      | Found Ofyan's Assorted Antiques.
  4088 | D:4      | Found a staircase to the Ecumenical Temple.
  4098 | Temple   | Entered the Ecumenical Temple
  4235 | Temple   | Became a worshipper of Uskayaw the Reveller
  4235 | Temple   | Reached * piety under Uskayaw
  4307 | Temple   | Reached ** piety under Uskayaw
  4308 | Temple   | Reached skill level 5 in Fighting
  4538 | D:4      | Reached *** piety under Uskayaw
  4539 | D:4      | Reached XP level 6. HP: 42/56 MP: 6/6
  4623 | D:4      | Noticed a water moccasin
  4634 | D:4      | Killed a water moccasin
  4635 | D:4      | Reached skill level 5 in Axes
  4943 | D:4      | Noticed Grinder
  4958 | D:4      | Paralysed by Grinder for 7 turns
  4987 | D:4      | Paralysed by Grinder for 2 turns
  4997 | D:4      | Paralysed by Grinder for 6 turns
  5278 | D:4      | Paralysed by Grinder for 4 turns
  5284 | D:4      | Killed Grinder
  5285 | D:4      | Reached skill level 6 in Fighting
  5285 | D:4      | Reached skill level 5 in Dodging
  5285 | D:4      | Your scales start taking on a lurid green colour.
  5285 | D:4      | Reached XP level 7. HP: 58/63 MP: 7/7
  5285 | D:4      | Gained mutation: Your system is resistant to poisons.
                  | (rPois) [Green Draconian growth]
  5458 | D:4      | Reached **** piety under Uskayaw
  5462 | D:4      | Reached ***** piety under Uskayaw
  5574 | D:5      | Entered Level 5 of the Dungeon
  5575 | D:5      | Found a sand-covered staircase.
  5588 | Ossuary  | Entered an ossuary
  5616 | Ossuary  | Reached skill level 1 in Invocations
  5686 | Ossuary  | HP: 2/64 [mummy (13)]
  5689 | Ossuary  | Slain by a mummy

Illustrated notes

Levels and vault maps discovered:
D:1:      onia_arrival_mini_spirals, layout_basic,
          ebering_ecumenical_altar_petrified
D:2:      layout_loops_corners, uniq_terence
D:3:      kennysheep_slugbush, layout_rooms, nicolae_gozag_zags_fifth_avenue,
          serial_shops, nicolae_lakefront_shop
D:4:      layout_basic, minmay_temple_entry_mini_moons, serial_shops,
          kennysheep_mini_moat, uniq_grinder
D:5:      minmay_spotlight, layout_basic, nicolae_ossuary_entry_ruins,
          uniq_sigmund, uniq_duvessa, uniq_blork_the_orc
Temple:   nicolae_temple_the_god_donut
Ossuary:  ossuary_the_hunt_dpeg

Skill      XL: |  1  2  3  4  5  6  7 |
---------------+----------------------+-----
Dodging        | 3 4 5 |  5.1
Fighting       | 4 5 6 |  6.4
Axes           | 4 5 |  5.8
Invocations    | 1 |  1.4
Stealth        | |  1.7

Action                   |  1- 3 |  4- 6 |  7- 9 || total
-------------------------+-------+-------+-------++-------
Melee: Hand axe          |   174 |   231 |    61 ||   466
       Tailslap          |    22 |    28 |    11 ||    61
       Punch             |     1 |     3 |     1 ||     5
Throw: Javelin           |     2 |     3 |       ||     5
       Dart              |       |     1 |       ||     1
 Abil: Breathe Noxious F |       |       |     1 ||     1
Evoke: Wand              |       |     9 |       ||     9
  Use: Scroll            |     6 |     8 |       ||    14
       Potion            |     1 |     7 |     1 ||     9
 Stab: Sleeping          |     9 |     2 |       ||    11
       Invisible         |     4 |       |       ||     4
       Distracted        |     1 |       |       ||     1
       Paralysed         |       |     4 |     6 ||    10
Armor: Skin              |    41 |    85 |    28 ||   154
Dodge: Dodged            |   133 |   121 |    54 ||   308
